 Dungeon Crawl Stone Soup version 0.22-a0-253-gf9d0ce5 (webtiles) character file.

1209 MatthieuS the Ogre Mage (level 8, -1/118 HPs)
             Began as an Ogre Wanderer on Mar 2, 2018.
             Was a Believer of Nemelex Xobeh.
             Slain by an adder skeleton (2 damage)
             ... on level 5 of the Dungeon.
             The game lasted 00:19:03 (5123 turns).

MatthieuS the Ogre Mage (Ogre Wanderer)             Turns: 5123, Time: 00:19:04

Health: -1/118     AC:  3    Str: 22    XL:     8   Next: 45%
Magic:  10/25      EV: 15    Int: 16    God:    Nemelex Xobeh [**....]
Gold:   43         SH:  5    Dex:  7    Spells: 10/18 levels left

rFire    . . .     SeeInvis .   q - +0 short sword
rCold    . . .     Gourm    .   (no shield)
rNeg     . . .     Faith    .   c - +0 robe
rPois    .         Spirit   .   (helmet restricted)
rElec    .         Reflect  +   (no cloak)
rCorr    .         Harm     .   (gloves unavailable)
MR       .....                  (boots unavailable)
Stlth    ..........             t - +5 amulet of reflection
HPRegen  0.29/turn              k - ring of magical power
MPRegen  0.19/turn              A - +5 ring of evasion

@: berserking (expiring), lethally poisoned (-1 -> -1), very quick
A: large, unfitting armour, tough skin 1
a: Renounce Religion


You were on level 5 of the Dungeon.
You worshipped Nemelex Xobeh.
Nemelex Xobeh was pleased with you.
You were hungry.

You visited 1 branch of the dungeon, and saw 5 of its levels.

You collected 267 gold pieces.
You spent 224 gold pieces at shops.

Inventory:

Hand Weapons
 q - a +0 short sword (weapon)
 u - a +0 hunting sling
 w - a +0 whip of holy wrath
Missiles
 g - 24 sling bullets
 v - 115 stones (quivered)
Armour
 c - a +0 robe (worn)
Jewellery
 k - a ring of magical power (left hand)
 t - a +5 amulet of reflection (around neck)
 x - an uncursed ring of fire {unknown}
 A - a +5 ring of evasion (right hand)
Wands
 o - a wand of clouds (4)
Scrolls
 e - 8 scrolls of remove curse
 p - a scroll of magic mapping
 r - 2 scrolls of enchant armour
 s - a scroll of fog
Potions
 a - a potion of haste
 h - a potion of flight
 i - a potion of resistance
 l - a potion of heal wounds {unknown}
Miscellaneous
 d - a legendary deck of destruction
 n - a legendary deck of summoning
Comestibles
 f - 9 rations


   Skills:
 + Level 4.6 Fighting
 + Level 3.2 Dodging
 - Level 1.0 Stealth
 + Level 5.5 Spellcasting
 + Level 3.0 Conjurations
 + Level 3.0 Translocations
 + Level 4.4 Fire Magic
   Level 1.0 Air Magic
 + Level 3.6 Invocations
 - Level 1.0 Evocations


You had 10 spell levels left.
You knew the following spells:

 Your Spells              Type           Power        Failure   Level  Hunger
a - Flame Tongue          Conj/Fire      ###..        3%          1    None
b - Blink                 Tloc           N/A          6%          2    #......
c - Shroud of Golubria    Chrm/Tloc      #.........   12%         2    #......
d - Gell's Gravitas       Tloc           ##........   12%         3    ###....


Dungeon Overview and Level Annotations

Branches:
Dungeon (5/15)             Temple (0/1) D:4

Altars:
Nemelex Xobeh
Qazlal
Ru
Trog
Yredelemnul
Zin

Shops:
D:5 *


Innate Abilities, Weirdness & Mutations

You are too large for most types of armour.
You have tough skin. (AC +1)


Message History

* * * LOW HITPOINT WARNING * * *
You puncture the crimson imp!
The crimson imp is severely wounded.
The adder skeleton bites you but does no damage.
The crimson imp barely misses you.
You puncture the iguana!
The iguana is heavily wounded.
You feel sick. The adder skeleton bites you.
* * * LOW HITPOINT WARNING * * *
The iguana bites you!
* * * LOW HITPOINT WARNING * * *
You block the crimson imp's attack.
An ooze comes into view.
The ooze quivers.
You are too berserk!
You closely miss the crimson imp.
The crimson imp is severely wounded.
The adder skeleton bites you.
You die...
Your body disappears without a glow.

.#..#..#..#..#..###+#...##.##
.#.....#.....#......#...#### ###
.#.... #.....#.[... #...#######..
.####################......(.#≈≈≈
l(.(...................##....≈≈≈≈
a(......................+....≈≈∩.
)####################.#.#....≈≈≈≈
. ..!..#.....#...Z..#.#..#.#+#≈≈≈
.#.....#.....#(.@l..#.#..#.#.#.##
.#..#..#..#..#.5###J#.#.##.#.#.##
.#..#)a#..#..#..# #.#....#.#...
...?#.....#.....# #.######.####
... #.....#.....# #..........# #
############# #.######.#.# ##
#.#...##.#.## .# #.#..)##.#... .#
#......>.####


You could see an iguana, a crimson imp, an ooze and an adder skeleton.

Vanquished Creatures
  A hell hound (D:3)
  A sky beast (D:5)
  2 phantoms (D:4)
  3 centaurs
  A scorpion (D:5)
  A crimson imp (D:5)
  A hound (D:4)
  A bullfrog skeleton (D:5)
  An orc wizard (D:3)
  Jessica (D:3)
  2 worker ants (D:5)
  5 gnolls
  6 adders
  2 shadow imps (D:5)
  An ooze (D:3)
  3 worms (D:3)
  5 dart slugs
  4 leopard geckos
  7 orcs
  5 bats
  3 giant cockroaches
  4 goblins
  9 hobgoblins
  3 jackals (D:4)
  7 kobolds
  2 quokkas
  3 ball pythons
  4 frilled lizards
  8 rats
96 creatures vanquished.

Vanquished Creatures (collateral kills)
  The ghost of Partyfoot the Shield-Bearer, an amateur FoFi (D:4)
  A worm (D:4)
2 creatures vanquished.

Vanquished Creatures (others)
  Terence (D:3)
  A dart slug (D:3)
2 creatures vanquished.

Grand Total: 100 creatures vanquished

Notes
Turn   | Place    | Note
-------+----------+-------------------------------------------
     0 | D:1      | MatthieuS the Ogre Wanderer began the quest for the Orb.
     0 | D:1      | MatthieuS set off with: a +0 robe, a +0 club, a ration
     0 | D:1      | Reached XP level 1. HP: 16/16 MP: 5/5
     5 | D:1      | Learned a level 1 spell: Flame Tongue
    85 | D:1      | Reached XP level 2. HP: 17/26 MP: 2/6
   338 | D:1      | Reached skill level 1 in Fighting
   359 | D:1      | Found a sparkling altar of Nemelex Xobeh.
   631 | D:1      | Became a worshipper of Nemelex Xobeh the Trickster
   635 | D:1      | Learned a level 2 spell: Blink
   638 | D:1      | Learned a level 2 spell: Shroud of Golubria
   679 | D:2      | Reached XP level 3. HP: 31/33 MP: 1/8
   723 | D:2      | Reached skill level 1 in Dodging
   753 | D:2      | Reached skill level 4 in Spellcasting
   753 | D:2      | Reached skill level 1 in Conjurations
   754 | D:2      | Found a bloodstained altar of Trog.
   891 | D:2      | Received a gift from Nemelex Xobeh
   938 | D:2      | Reached XP level 4. HP: 41/41 MP: 5/10
  1065 | D:2      | Learned a level 3 spell: Gell's Gravitas
  1084 | D:2      | Reached skill level 1 in Invocations
  1753 | D:3      | Noticed Terence
  1756 | D:3      | Killed Terence
  1877 | D:3      | Reached XP level 5. HP: 48/49 MP: 11/11
  1880 | D:3      | Noticed Grinder
  2119 | D:3      | Found a faded altar of an unknown god.
  2209 | D:3      | Noticed Grinder
  2209 | D:3      | Grinder changed into Grinder the hell hound
  2213 | D:3      | Killed Grinder the hell hound
  2213 | D:3      | Reached XP level 6. HP: 41/59 MP: 12/12
  2328 | D:3      | Reached * piety under Nemelex Xobeh
  2364 | D:3      | Found a stormy altar of Qazlal.
  2422 | D:3      | Noticed Jessica
  2429 | D:3      | Killed Jessica
  2802 | D:4      | Noticed Partyfoot's ghost (amateur FoFi)
  3201 | D:4      | Noticed a phantom
  3203 | D:4      | Noticed a phantom
  3237 | D:4      | Killed a phantom
  3240 | D:4      | HP: 2/61 [phantom (5)]
  3241 | D:4      | Killed a phantom
  3241 | D:4      | Reached XP level 7. HP: 2/67 MP: 5/14
  3619 | D:4      | Found a staircase to the Ecumenical Temple.
  3643 | D:4      | Killed Partyfoot's ghost
  3643 | D:4      | Reached skill level 5 in Spellcasting
  3841 | D:4      | Received a gift from Nemelex Xobeh
  3920 | D:4      | Reached ** piety under Nemelex Xobeh
  4472 | D:5      | Entered Level 5 of the Dungeon
  4553 | D:5      | Found a sacrificial altar of Ru.
  4593 | D:5      | Found a basalt altar of Yredelemnul.
  4605 | D:5      | Found Kipidoeck's Assorted Antiques.
  4607 | D:5      | Found a glowing silver altar of Zin.
  4615 | D:5      | Bought a potion of curing for 96 gold pieces
  4617 | D:5      | Bought a scroll of identify for 64 gold pieces
  4617 | D:5      | Bought a scroll of identify for 64 gold pieces
  4694 | D:5      | Reached XP level 8. HP: 51/78 MP: 14/15
  4833 | D:5      | Received a gift from Nemelex Xobeh
  5122 | D:5      | HP: 1/118 [iguana (13)]
  5123 | D:5      | Slain by an adder skeleton

Vault maps used:
D:1:      lemuel_arrival_broad_hall, nemelex_altar_shiori
D:2:      first_ration, trog_three_pillars_becter
D:3:      grunt_qazlal_sundering, chequers_ecumenical_altar_simple,
          grunt_decor_arrowhead, uniq_grinder, uniq_terence, uniq_jessica
D:4:      temple_statues
D:5:      kennysheep_windowed_halls, nicolae_ru_awakened_eye, basic_altar,
          serial_shops, nicolae_shop_waterfront, lemuel_tele_altar

Skill      XL: |  1  2  3  4  5  6  7  8 |
---------------+-------------------------+-----
Fighting       | 1 2 3 4 |  4.6
Dodging        | 1 2 3 |  3.2
Fire Magic     | 3 4 |  4.4
Spellcasting   | 4 5 |  5.5
Conjurations   | 1 2 3 |  3.0
Invocations    | 1 2 3 |  3.6
Translocations | 2 3 |  3.0
Stealth        | |  1.0
Air Magic      | |  1.0
Evocations     | |  1.0

Action                   |  1- 3 |  4- 6 |  7- 9 || total
-------------------------+-------+-------+-------++-------
Melee: Club              |    12 |       |       ||    12
       Dagger            |       |     2 |       ||     2
       Short sword       |       |     1 |     6 ||     7
 Fire: Hunting sling     |       |    23 |    58 ||    81
 Cast: Flame Tongue      |    45 |   110 |    78 ||   233
       Shroud of Golubri |     1 |     4 |       ||     5
       Blink             |       |     7 |     1 ||     8
Evoke: Deck              |       |     9 |     1 ||    10
  Use: Potion            |     1 |     6 |     4 ||    11
       Scroll            |       |       |    10 ||    10
  Eat: Chunk             |       |     6 |     3 ||     9
       Ration            |       |     1 |       ||     1
Armor: Robe              |    10 |    16 |    16 ||    42
Dodge: Dodged            |     8 |    40 |    67 ||   115
Block: Other             |       |       |    10 ||    10

Table legend:
 A = Spawn XP
 B = Non-spawn XP
 C = Spawn XP percentage of total XP
 D = Spawn monster count
 E = Non-spawn monster count
 F = Spawn count percentage of total count
 G = Total turns spent on level
                    A         B        C        D         E        F      G
               +---------+---------+-------+---------+---------+-------+---------
         Total |       0 |    1728 |   0.0 |       0 |     100 |   0.0 |  5123
               +---------+---------+-------+---------+---------+-------+---------
           D:1 |       0 |      29 |   0.0 |       0 |      15 |   0.0 |   650
           D:2 |       0 |      82 |   0.0 |       0 |      27 |   0.0 |  1098
           D:3 |       0 |     321 |   0.0 |       0 |      23 |   0.0 |  1317
           D:4 |       0 |     663 |   0.0 |       0 |      19 |   0.0 |  1407
           D:5 |       0 |     633 |   0.0 |       0 |      16 |   0.0 |   651
               +---------+---------+-------+---------+---------+-------+---------
